 Dungeon Crawl Stone Soup version 0.26.1-11-gd32895ea62 (webtiles) character file.

Game seed: 16968890029772602086

70 tizbic2 the Chucker (level 4, 0/40 HPs)
             Began as a Troll Arcane Marksman on June 25, 2021.
             Was a Follower of Uskayaw.
             Slain by Grinder (2 damage)
             ... while paralysed by Grinder
             ... on level 3 of the Dungeon.
             The game lasted 00:16:08 (2104 turns).

tizbic2 the Chucker (Troll Arcane Marksman)         Turns: 2104, Time: 00:16:09

Health: 0/40       AC:  6    Str: 18    XL:     4   Next: 3%
Magic:  4/4        EV:  1    Int:  9    God:    Uskayaw [*.....]
Gold:   150        SH:  0    Dex: 11    Spells: 4/5 levels left

rFire    . . .     SeeInvis .   i - staff of earth
rCold    . . .     Faith    .   (no shield)
rNeg     . . .     Spirit   .   a - +0 robe
rPois    .         Reflect  .   (helmet restricted)
rElec    .         Harm     .   (no cloak)
rCorr    .         Rampage  .   (gloves unavailable)
Will     .....                  (boots unavailable)
Stlth    +.........             (no amulet)
HPRegen  0.53/turn              (no ring)
MPRegen  0.09/turn              (no ring)

@: paralysed
A: large, unfitting armour, claws 3, regeneration 1, shaggy fur 1, tough skin 3
a: Renounce Religion, Stomp


You were on level 3 of the Dungeon.
You worshipped Uskayaw.
Uskayaw was noncommittal.
You visited 1 branch of the dungeon, and saw 3 of its levels.

You collected 150 gold pieces.

Inventory:

Missiles
 c - 4 large rocks
 d - 2 throwing nets
 g - 33 stones (quivered)
Armour
 a - a +0 robe (worn)
Magical Staves
 i - an uncursed staff of earth (weapon)
Scrolls
 e - a scroll of amnesia
Potions
 b - a potion of magic {unknown}
 f - a potion of might {unknown}
 h - a potion of attraction {unknown}
 j - a potion of curing {unknown}


   Skills:
 + Level 0.9 Fighting
 * Level 0.4 Staves
 * Level 2.8 Throwing
 + Level 1.9 Dodging
 - Level 0.2 Stealth
 - Level 1.0 Unarmed Combat
 + Level 1.0 Spellcasting
 + Level 2.1 Hexes


You had 4 spell levels left.
You knew the following spells:

 Your Spells              Type           Power        Failure   Level
a - Corona                Hex            4%           16%         1

Your spell library contained the following spells:

 Spells                   Type           Power        Failure   Level
 Slow                     Hex            4%           22%         2
 Inner Flame              Hex/Fire       2%           56%         3
 Portal Projectile        Hex/Tloc       4%           56%         3
 Cause Fear               Hex            2%           83%         4
 Leda's Liquefaction      Hex/Erth       1%           93%         4


Dungeon Overview and Level Annotations

Branches:
Dungeon (3/15)

Altars:
Uskayaw

Annotations:
D:3 Grinder


Innate Abilities, Weirdness & Mutations

You are too large for most types of armour.
You have claws for hands.
Your natural rate of healing is unusually fast.
You are covered in fur. (AC +1)
You have extremely tough skin. (AC +3)


Message History

Grinder gestures at you. You resist with significant effort.
Throw: 34 stones
Press: ? - help, Q - select action, (/) - cycle Shift-Dir - straight line, f/p - Grinder
Aim: Grinder (severely wounded, 52% to hit)
You throw a stone. The stone hits Grinder.
Grinder is severely wounded.
Grinder gestures at you. You resist with significant effort.
Grinder gestures at you.
You suddenly lose the ability to move!
Grinder hits you.
You writhe in agony.
Grinder hits you!
* * * LOW HITPOINT WARNING * * *
You writhe in agony.
* * * LOW HITPOINT WARNING * * *
Grinder gestures at you. You resist with significant effort. Grinder hits you.
You die...

#. ###.# #.# #.. .# #.#
#.# .# # #.# #.# .#. #..
.#.# #.# #.#####.#†#
#.### #...#.. #.# #.@.#
#.#.#.###.# ###5#
..#....<..# #(#
#5##...###### #(#
#...........### #.#######
#.##<..##.......#.##.##.#
.§...........##.#.##[##.#
#.###........((.((...##.#
#.# #..##.#.((.((.>..).<#


You could see Grinder.

Vanquished Creatures
  2 adders
  An ooze (D:2)
  2 worms (D:2)
  A dart slug (D:1)
  3 leopard geckos
  An orc (D:3)
  7 bats
  2 goblins (D:1)
  4 hobgoblins (D:2)
  4 kobolds
  2 quokkas (D:2)
  A frilled lizard (D:3)
  6 rats
36 creatures vanquished.

Vanquished Creatures (others)
  5 plants (D:2)
5 creatures vanquished.

Grand Total: 41 creatures vanquished

Notes
Turn   | Place    | Note
-------+----------+-------------------------------------------
     0 | D:1      | tizbic2 the Troll Arcane Marksman began the quest for the
                  | Orb.
     0 | D:1      | Reached XP level 1. HP: 18/18 MP: 1/1
   413 | D:1      | Reached XP level 2. HP: 26/26 MP: 0/2
  1210 | D:2      | Reached XP level 3. HP: 32/32 MP: 3/3
  1263 | D:2      | Found a hide-covered altar of Uskayaw.
  1286 | D:2      | Became a worshipper of Uskayaw the Reveller
  1304 | D:2      | Reached * piety under Uskayaw
  1317 | D:2      | Reached skill level 1 in Unarmed Combat
  1638 | D:3      | Reached ** piety under Uskayaw
  1668 | D:3      | Noticed Grinder
  1883 | D:3      | Reached XP level 4. HP: 40/40 MP: 0/4
  2044 | D:3      | Paralysed by Grinder for 7 turns
  2075 | D:3      | Paralysed by Grinder for 2 turns
  2100 | D:3      | Paralysed by Grinder for 5 turns
  2102 | D:3      | HP: 1/40 [Grinder (6)]
  2104 | D:3      | Slain by Grinder

Illustrated notes

Levels and vault maps discovered:
D:1:      grunt_arrival_crossed_arrows, layout_basic
D:2:      layout_loops_ring, overflow_temple_1_default, serial_forest,
          infiniplex_forest_lined_room_, infiniplex_forest_straight_3,
          infiniplex_forest_clump_C, infiniplex_forest_clump_small,
          infiniplex_forest_fountain, infiniplex_forest_straight_4
D:3:      layout_loops_ring, gammafunk_temple_overflow_pools, minitemple,
          kennysheep_nondescript, uniq_grinder, uniq_jessica

Skill      XL: |  1  2  3 |
---------------+----------+-----
Throwing       | 2 |  2.8
Unarmed Combat | 1 |  1.0
Fighting       | |  0.9
Staves         | |  0.4
Dodging        | |  1.9
Stealth        | |  0.2
Spellcasting   | |  1.0
Hexes          | |  2.1

Action                   |  1- 3 |  4- 6 || total
-------------------------+-------+-------++-------
Melee: Unarmed           |    97 |       ||    97
       Staff             |    49 |    44 ||    93
Throw: Large rock        |    10 |       ||    10
       Stone             |    17 |    21 ||    38
       Throwing net      |     2 |       ||     2
 Cast: Corona            |    13 |     1 ||    14
Invok: Stomp             |     2 |     2 ||     4
  Use: Scroll            |     3 |       ||     3
Armor: Robe              |    48 |     8 ||    56
Dodge: Dodged            |    97 |    18 ||   115
